 Dungeon Crawl Stone Soup version 0.31-a0-1002-g8e65716e6e (webtiles) character file.

Game seed: 17824062628104794594

261494 plaop the Slayer (level 19, -13/171 HPs)
             Began as a Minotaur Fighter on Nov 3, 2023.
             Was the Champion of Hepliaklqana.
             Killed from afar by Ilsuiw (25 damage)
             ... with a shard of ice
             ... on level 3 of the Shoals on Nov 9, 2023.
             The game lasted 01:06:07 (38112 turns).

plaop the Slayer (Minotaur Fighter)                Turns: 38112, Time: 01:06:08

Health: -13/171    AC: 32    Str: 20    XL:     19   Next: 58%
Magic:  20/20      EV:  8    Int: 11    God:    Hepliaklqana [******]
Gold:   3579       SH: 17    Dex: 18    Spells: 18/18 levels left

rFire   + + .        c - +5 war axe (flame)
rCold   + . .        D - +2 kite shield {reflect}
rNeg    . . .        s - +0 gold dragon scales
rPois   +            M - +2 hat
rElec   +            J - +2 cloak "Doucyd" {+Blink Int+3}
rCorr   +            a - +2 pair of gloves
SInv    +            j - +0 pair of boots
Will    +....        K - amulet of Yheelun {rElec Regen+ Int+3 Dex-4} Stlth
                     g - ring of see invisible
HPRegen 1.28/turn    S - ring of Peace {rPois rF+ rCorr Dex+3}
MPRegen 0.17/turn

%: reflection
@: mighty, engulfed (cannot breathe), mesmerised, studying Invocations, very
slow
A: reduced essence, horns 2, retaliatory headbutt
}: 1/15 runes: serpentine
a: Renounce Religion, Evoke Blink, Recall Ancestor, Ancestor Identity,
Transference, Idealise


You were on level 3 of the Shoals.
You worshipped Hepliaklqana.
Hepliaklqana was exalted by your worship.
You visited 6 branches of the dungeon, and saw 33 of its levels.
You also visited: Ossuary.

You collected 4962 gold pieces.
You spent 1383 gold pieces at shops.

Inventory:

Hand Weapons
 c - a +5 war axe of flaming (weapon)
 d - the +2 war axe "Ynec" {freeze, rF++}
   (You bought it in a shop on level 12 of the Dungeon)

   rF++:      It greatly protects you from fire.
 W - a +1 broad axe of draining
Missiles
 L - 4 throwing nets
Armour
 a - a +2 pair of gloves (worn)
 j - a +0 pair of boots (worn)
 s - +0 gold dragon scales (worn)
 D - a +2 kite shield of reflection (worn)
 J - the +2 cloak "Doucyd" (worn) {+Blink Int+3}
   (You found it on level 9 of the Dungeon)

   Int+3:     It affects your intelligence (+3).
   +Blink:    It lets you blink.
 M - a +2 hat (worn)
 O - a +1 cloak of preservation
 V - a +1 kite shield of protection
 Y - a +1 kite shield of fire resistance
Jewellery
 g - a ring of see invisible (left hand)
 t - a ring of flight
 F - a ring of ice
 K - the amulet of Yheelun (around neck) {rElec Regen+ Int+3 Dex-4}
   (You bought it in a shop on level 2 of the Snake Pit)

   [amulet of regeneration]

   Int+3:     It affects your intelligence (+3).
   Dex-4:     It affects your dexterity (-4).
   rElec:     It insulates you from electricity.
   Regen+:    It increases your rate of health regeneration.
 S - the ring of Peace (right hand) {rPois rF+ rCorr Dex+3}
   (You acquired it on level 4 of the Lair of Beasts)

   [ring of protection from fire]

   Dex+3:     It affects your dexterity (+3).
   rF+:       It protects you from fire.
   rPois:     It protects you from poison rCorr: It protects you from acid and
   corrosion.
 U - the ring "Pueprac" {Fire rPois Will+ Int+2}
   (You found it on level 5 of the Lair of Beasts)

   [ring of fire]

   Fire:      It enhances your fire magic.
   Int+2:     It affects your intelligence (+2).
   rF+:       It protects you from fire.
   rC-:       It makes you vulnerable to cold.
   rPois:     It protects you from poison Will+: It increases your willpower.
Wands
 l - a wand of acid (22) (quivered)
 q - a wand of flame (43)
 y - a wand of paralysis (22)
 E - a wand of polymorph (7)
 G - a wand of mindburst (4)
 H - a wand of iceblast (2)
Scrolls
 b - 8 scrolls of fog
 f - 9 scrolls of poison
 m - 4 scrolls of enchant armour
 n - 4 scrolls of silence
 p - 5 scrolls of teleportation
 r - 6 scrolls of enchant weapon
 v - 5 scrolls of blinking
 A - 3 scrolls of fear
 N - 2 scrolls of butterflies
 P - 2 scrolls of immolation
 Q - 5 scrolls of revelation
 Z - a scroll of noise
Potions
 e - 2 potions of magic
 h - 7 potions of enlightenment
 i - 3 potions of haste
 k - 2 potions of cancellation
 o - 10 potions of curing
 u - 7 potions of mutation
 w - 4 potions of attraction
 x - 6 potions of heal wounds
 z - a potion of resistance {unknown}
 B - 6 potions of degeneration {unknown}
 C - 4 potions of brilliance {unknown}
 I - 5 potions of ambrosia
 T - a potion of might
Miscellaneous
 R - a lightning rod (4/4)
 X - a phial of floods


   Skills:
 + Level 22.1 Fighting
 + Level 21.6 Axes
 + Level 17.5 Armour
 + Level 8.9 Dodging
 + Level 14.0 Stealth
 + Level 18.7 Shields
 + Level 2.8 Invocations
 + Level 2.4 Evocations


You had 18 spell levels left.
You didn't know any spells.
Your spell library contained the following spells:

 Spells                   Type           Power      Damage    Failure   Level
 Apportation              Tloc           0%         N/A       100%        1
 Kiss of Death            Conj/Necr      0%         2d5       100%        1
 Magic Dart               Conj           0%         1d3       100%        1
 Necrotise                Necr           0%         1d4       100%        1
 Summon Small Mammal      Summ           0%         N/A       100%        1
 Blink                    Tloc           0%         N/A       100%        2
 Call Imp                 Summ           0%         N/A       100%        2
 Jinxbite                 Hex            0%         N/A       100%        2
 Lesser Beckoning         Tloc           0%         N/A       100%        2
 Momentum Strike          Conj/Tloc      0%         3d8       100%        2
 Sublimation of Blood     Necr           0%         N/A       100%        2
 Wereblood                Tmut           0%         N/A       100%        2
 Call Canine Familiar     Summ           0%         N/A       100%        3
 Confusing Touch          Hex            0%         N/A       100%        3
 Inner Flame              Hex/Fire       0%         N/A       100%        3
 Mephitic Cloud           Conj/Pois/Air  0%         N/A       100%        3
 Ozocubu's Armour         Ice            0%         N/A       100%        3
 Sigil of Binding         Hex            0%         N/A       100%        3
 Summon Guardian Golem    Hex/Summ       0%         N/A       100%        3
 Tukima's Dance           Hex            0%         N/A       100%        3
 Vampiric Draining        Necr           0%         2d6       100%        3
 Animate Armour           Summ/Erth      0%         N/A       100%        4
 Animate Dead             Necr           0%         N/A       100%        4
 Dimensional Bullseye     Hex/Tloc       0%         N/A       100%        4
 Dispel Undead            Necr           0%         3d6       100%        4
 Flame Wave               Conj/Fire      0%         2d4       100%        4
 Iskenderun's Mystic Bla  Conj/Tloc      0%         2d3       100%        4
 Leda's Liquefaction      Hex/Erth       0%         N/A       100%        4
 Passage of Golubria      Tloc           0%         N/A       100%        4
 Sticky Flame             Conj/Fire      0%         2d3       100%        4
 Summon Lightning Spire   Summ/Air       0%         N/A       100%        4
 Vhi's Electric Charge    Tloc/Air       0%         N/A       100%        4
 Agony                    Necr           0%         N/A       100%        5
 Alistair's Intoxication  Tmut/Pois      0%         N/A       100%        5
 Arcjolt                  Conj/Air       0%         1d10      100%        5
 Lee's Rapid Deconstruct  Erth           0%         3d4*      100%        5
 Metabolic Englaciation   Hex/Ice        0%         N/A       100%        5
 Yara's Violent Unravell  Hex/Tmut       0%         3d3       100%        5
 Plasma Beam              Fire/Air       0%         2x1d10    100%        6
 Simulacrum               Ice/Necr       0%         N/A       100%        6
 Haunt                    Necr/Summ      0%         N/A       100%        7
 Malign Gateway           Summ/Tloc      0%         N/A       100%        7
 Summon Hydra             Summ           0%         N/A       100%        7
 Infestation              Necr           0%         N/A       100%        8
 Summon Horrible Things   Summ           0%         N/A       100%        8


Dungeon Overview and Level Annotations

Branches:
Dungeon (15/15)            Temple (0/1) D:4            Lair (5/5) D:11
 Shoals (3/4) Lair:2        Snake (4/4) Lair:3        Slime (0/5) Lair:5
    Orc (2/2) D:9             Elf (0/3) Orc:2        Vaults (0/5) D:14
 Depths (4/4) D:15            Zot (0/5) Depths:4    Ossuary (visited)

Altars:
Gozag
Hepliaklqana
Kikubaaqudgha
Makhleb
Nemelex Xobeh
Qazlal
Sif Muna
Vehumet
Xom
Jiyva

Shops:
D:4 (   D:11 !   D:12 *   Orc:2 (!::   Snake:2 ==:   Depths:2 (

Portals:
Hell: Depths:1 Depths:2 Depths:3 Depths:4
Abyss: Depths:2 Depths:3
Pandemonium: Depths:2
Ziggurat: Depths:1

Annotations:
D:8 2 transporters
Shoals:3 Ilsuiw
Snake:4 3 runed translucent doors, Ekep's ghost, adept GrEE
Depths:1 2 exclusions


Innate Abilities, Weirdness & Mutations

Your life essence is reduced to manifest your ancestor. (-10% HP)
You have a pair of horns on your head.
You reflexively headbutt those who attack you in melee.


Message History

You barely miss the water elemental.
Your lungs strain for air!
The merfolk seems less confused.
You block the merfolk's attack.
Ilsuiw hits you from afar with a +2 trident of freezing.
The merfolk siren chants its luring song.
The water elemental hits you.
* * * LOW HITPOINT WARNING * * *
Your lungs strain for air!
You block the merfolk's attack.
The merfolk throws a boomerang.
The boomerang hits you but does no damage.
Ilsuiw hits you with a +2 trident of freezing!
* * * LOW HITPOINT WARNING * * *
Ilsuiw freezes you.
* * * LOW HITPOINT WARNING * * *
The water elemental barely misses you. You block the merfolk's attack.
The merfolk siren chants its luring song.
The merfolk hits you from afar with a +0 trident.
* * * LOW HITPOINT WARNING * * *
Unknown command.
Unknown command.
Unknown command.
Unknown command.
You cannot read scrolls while unable to breathe!
You feel very mighty all of a sudden.
* * * LOW HITPOINT WARNING * * *
Your lungs strain for air!
Ilsuiw hits you but does no damage. The water elemental hits you.
The merfolk hits you from afar with a +0 trident!
* * * LOW HITPOINT WARNING * * *
The merfolk siren chants its luring song.
The merfolk throws a boomerang.
You block the boomerang with your +2 kite shield of reflection... and reflect it back!
The boomerang hits the merfolk!!
Unknown command.
Your unstable footing causes you to fumble your attack.
* * * LOW HITPOINT WARNING * * *
Your lungs strain for air!
Ilsuiw points at you and mumbles some strange words.
The shard of ice hits you!! You partially resist.
You die...

~~.............
.~.............
~.^...........##.
................
..............#
.........m....###
.....~~~m~m...~†#
~...~~)~~)~~~~~.#
~~.~)~~~~@~~~~~~.
~~~~~~~~E≈m~~~~~~
~~~#.~~~~≈≈≈~~~~~
~~...~~<~≈≈≈≈≈≈~~
~~..~~~~~≈≈≈≈≈≈≈≈
~~~~~~~~P≈≈≈≈≈≈≈≈
~~~~~~≈≈≈≈≈≈≈≈≈≈≈
~~~~~~≈≈≈≈~~~~~~~
~~~~≈≈~≈≈≈~~~~~


You could see Ilsuiw, 2 merfolk, a water elemental (summoned) and a merfolk
siren (mesmerising).

Vanquished Creatures
  A golden dragon (Depths:3)
  A bone dragon (Depths:4)
  Rupert (Orc:2)
  2 walking frostbound tomes
  A lich (Depths:1)
  Asterion (Depths:2)
  A kraken (Shoals:1)
  A quicksilver dragon (Depths:3)
  2 sphinxes (Depths:2)
  A storm dragon (Depths:4)
  2 tengu reavers
  A shadow dragon (Depths:4)
  5 nagarajas (Snake:4)
  5 fire giants
  4 frost giants
  An iron dragon (Depths:2)
  A spriggan defender (Depths:2)
  A draconian shifter (Depths:4)
  8 stone giants
  13 very ugly things
  A draconian annihilator (Depths:4)
  A vampire knight (D:14)
  3 white draconians (Depths:4)
  A yellow draconian (Depths:4)
  A black draconian (Depths:4)
  A dire elephant (Lair:5)
  2 spark wasps (Depths:2)
  A green death (Depths:2)
  A merfolk javelineer (Shoals:2)
  7 ettins
  6 fire dragons
  Josephine (D:12)
  2 jiangshi (Depths:1)
  A yaktaur captain (D:14)
  Fannar (Lair:1)
  4 rakshasas
  2 salamander tyrants
  6 hydras
  3 ice dragons
  2 ogre magi
  6 two-headed ogres
  4 centaur warriors
  9 anacondas
  An alligator snapping turtle (Shoals:3)
  2 spriggan air magi
  5 catoblepae
  A merfolk aquamancer (Shoals:1)
  5 tengu warriors
  A satyr (Shoals:2)
  13 naga warriors
  A death yak (Lair:5)
  13 deep troll earth magi
  An occultist (D:15)
  2 vampire magi (Depths:1)
  4 deep troll shamans (Depths:2)
  6 naga sharpshooters
  9 hell knights
  5 shock serpents
  5 spriggan berserkers
  A deep elf knight (D:15)
  Nergalle (Orc:2)
  11 iron trolls
  5 salamander mystics
  A sixfirhy (Depths:2)
  2 skysharks (Shoals:2)
  5 skeletal warriors (D:15)
  3 flayed ghosts
  17 deep trolls
  5 sea snakes
  2 spriggan druids (Depths:2)
  2 glowing orange brains
  4 naga ritualists
  5 orc knights (D:15)
  2 lindwurms (Lair:5)
  7 mana vipers
  3 deep elf pyromancers
  11 harpies
  6 orc sorcerers (Orc:2)
  22 ugly things
  12 fauns
  2 cyclopes
  18 salamanders
  4 manticores
  6 naga magi
  18 elephants
  3 guardian serpents (Snake:4)
  6 merfolk sirens
  A rust devil (D:8)
  33 black mambas
  A gargoyle (D:13)
  A kobold demonologist (D:9)
  A smoke demon (Depths:2)
  10 cane toads
  A cane toad (shapeshifter) (D:15)
  6 rime drakes
  An efreet (D:14)
  2 unseen horrors
  A freezing wraith (D:15)
  11 komodo dragons
  5 tengu conjurers
  3 wind drakes
  5 merfolk
  3 trolls
  2 polar bears (D:12)
  5 meliai
  5 hornets
  A blink frog (shapeshifter) (D:13)
  A glass eye (Depths:3)
  21 blink frogs
  2 dream sheep (Lair:5)
  6 snapping turtles
  A hexer (Shoals:3)
  4 slime creatures
  9 water elementals
  5 wraiths (D:12)
  25 spriggans
  5 wyverns
  35 yaks
  A vampire (D:10)
  3 large abominations (Depths:2)
  5 basilisks
  2 chaos spawn (Depths:2)
  2 steam dragons
  7 vampire mosquitoes
  A warg (Orc:2)
  31 nagas
  15 water moccasins
  3 swamp drakes (Lair:5)
  An ice beast (D:6)
  10 orc warriors
  2 black bears
  5 ogres
  16 wolves
  A boggart (shapeshifter) (D:14)
  8 centaurs
  A kobold brigand (D:8)
  9 bullfrogs
  2 gnoll sergeants
  3 scorpions
  3 water moccasin zombies (Ossuary)
  7 small abominations (Depths:2)
  4 wights (D:9)
  3 electric eels (Snake:3)
  A vampire bat (D:3)
  5 howler monkeys
  5 hounds
  8 orc priests
  A jelly (D:6)
  Natasha (thrice) (D:3 D:4)
  A sleepcap (D:5)
  7 iguanas
  25 orc wizards
  5 hell rats (Lair:4)
  2 mummies (Ossuary)
  12 gnolls
  11 adders
  2 shadow imps
  A white imp (D:7)
  4 ufetubi
  4 adder zombies (Ossuary)
  A worm (D:2)
  3 dart slugs
  3 fire bats (D:3)
  44 orcs
  2 spectral bats (D:3)
  3 bat skeletons (D:3)
  A bat zombie (D:3)
  9 endoplasms
  A giant cockroach (D:3)
  3 gnoll zombies (Ossuary)
  2 goblins (D:2)
  7 hobgoblins
  8 jackals
  3 quokkas
  4 ball pythons
  14 bats
  A bat simulacrum (D:3)
  3 frilled lizards
  3 hobgoblin zombies (Ossuary)
  13 kobolds
  5 kobold zombies (Ossuary)
  13 orc zombies (Ossuary)
  5 rats
  A tentacle (Shoals:1)
983 creatures vanquished.

Vanquished Creatures (collateral kills)
  A very ugly thing (Depths:3)
  A stone giant (Depths:4)
  A black draconian (Depths:4)
  An ice dragon (Depths:4)
  A catoblepas (Lair:2)
  Erolcha (D:12)
  A hydra (D:14)
  A merfolk avatar (Shoals:2)
  A boulder beetle (D:10)
  2 death yaks (Lair:5)
  A deep troll shaman (Depths:3)
  2 skysharks
  A salamander mystic (Snake:2)
  A skyshark (shapeshifter) (Depths:2)
  A swamp dragon (Lair:5)
  A deep troll (Depths:2)
  3 sea snakes
  A glowing orange brain (Depths:1)
  3 harpies
  6 ugly things
  2 orc sorcerers (Orc:2)
  A manticore (D:12)
  A salamander (Snake:3)
  4 black mambas
  A merfolk siren (Shoals:1)
  A water nymph (Shoals:1)
  5 elephants
  A naga mage (Snake:4)
  A rust devil (D:8)
  2 cane toads (Lair:4)
  An unseen horror (D:10)
  A rime drake (Lair:5)
  A komodo dragon (Lair:5)
  3 trolls
  A meliai (D:13)
  4 hornets
  3 merfolk
  2 polar bears (Lair:4)
  3 blink frogs
  2 dream sheep (Shoals:1)
  A snapping turtle (Shoals:1)
  5 slime creatures
  2 spriggans
  A vampire (D:12)
  12 yaks
  A hog (Orc:1)
  4 water elementals
  Grum (D:9)
  A basilisk (D:11)
  A large abomination (Depths:2)
  5 water moccasins
  2 acid dragons (Lair:5)
  5 nagas
  2 orc warriors
  A black bear (Lair:4)
  3 wolves
  A small abomination (Depths:2)
  A kobold brigand (D:9)
  A gnoll sergeant (D:11)
  A jelly (D:6)
  2 howler monkeys (D:12)
  An electric eel (Snake:3)
  3 orc priests
  7 orc wizards
  3 gnolls
  5 orcs
  3 kobolds
146 creatures vanquished.

Vanquished Creatures (others)
  2 orc wizards
  37 hexers
  5 tentacles (Shoals:1)
44 creatures vanquished.

Grand Total: 1173 creatures vanquished

Notes
Turn   | Place    | Note
-------+----------+-------------------------------------------
     0 | D:1      | plaop the Minotaur Fighter began the quest for the Orb.
     0 | D:1      | Reached XP level 1. HP: 19/19 MP: 0/0
   152 | D:1      | Reached XP level 2. HP: 19/27 MP: 1/1
   361 | D:1      | Reached skill level 4 in Fighting
   725 | D:2      | Upgraded the game from 0.31-a0-984-gbfb7dba898 to
                  | 0.31-a0-1002-g8e65716e6e
   731 | D:2      | Reached XP level 3. HP: 27/33 MP: 2/2
   815 | D:2      | Found a shimmering blue altar of Sif Muna.
   912 | D:2      | Reached XP level 4. HP: 40/40 MP: 3/3
  1009 | D:2      | Reached skill level 1 in Dodging
  1474 | D:3      | Noticed Natasha
  1484 | D:3      | Killed Natasha
  1485 | D:3      | Reached XP level 5. HP: 40/47 MP: 4/4
  1604 | D:3      | Reached skill level 5 in Axes
  1604 | D:3      | Noticed Natasha
  1617 | D:4      | Killed Natasha
  1629 | D:4      | Noticed Natasha
  1787 | D:4      | Killed Natasha
  1801 | D:3      | Reached skill level 5 in Armour
  1801 | D:3      | Reached XP level 6. HP: 42/53 MP: 5/5
  2592 | D:4      | Reached XP level 7. HP: 56/60 MP: 6/6
  2701 | D:4      | You fall into a shaft and drop 2 floors!
  2769 | D:6      | Reached skill level 5 in Shields
  2899 | D:6      | Found a stormy altar of Qazlal.
  2913 | D:6      | Found a hazy altar of Hepliaklqana.
  2941 | D:6      | Became a worshipper of Hepliaklqana the Forgotten
  2986 | D:5      | Entered Level 5 of the Dungeon
  3053 | D:5      | Found a sand-covered staircase.
  3059 | Ossuary  | Entered an ossuary
  3136 | Ossuary  | Reached skill level 5 in Fighting
  3354 | D:5      | Reached * piety under Hepliaklqana
  3615 | D:4      | Reached XP level 8. HP: 44/61 MP: 5/7
  3676 | D:4      | Found a staircase to the Ecumenical Temple.
  3811 | D:4      | Found Efuysig's Weapon Shoppe.
  4595 | D:5      | Reached skill level 1 in Stealth
  4829 | D:6      | Noticed a purple ugly thing
  4841 | D:6      | Killed a purple ugly thing
  4842 | D:6      | Reached skill level 6 in Fighting
  4842 | D:6      | Reached XP level 9. HP: 16/67 MP: 8/8
  4847 | D:6      | Reached skill level 10 in Axes
  5080 | D:6      | Found a shimmering altar of Xom.
  5081 | D:6      | Found an opulent altar of Gozag.
  5155 | D:6      | Reached ** piety under Hepliaklqana
  5156 | D:6      | Remembered your ancestor Enheduana as a hexer
  6272 | D:8      | Noticed a rust devil
  6273 | D:8      | Noticed a rust devil
  6644 | D:8      | Found a transporter.
  6649 | D:8      | Found a transporter.
  6742 | D:8      | Noticed a queen bee
  6956 | D:8      | Reached *** piety under Hepliaklqana
  7088 | D:9      | Identified the +2 cloak "Doucyd" {+Blink Int+3}
  7112 | D:9      | Noticed Grum
  7261 | D:9      | Killed Grum
  7262 | D:9      | Reached XP level 10. HP: 74/75 MP: 9/9
  7328 | D:9      | Found a sparkling altar of Nemelex Xobeh.
  7375 | D:9      | Found a burning altar of Makhleb.
  7397 | D:9      | Reached skill level 7 in Fighting
  7746 | D:9      | Found a staircase to the Orcish Mines.
  7882 | D:10     | Entered Level 10 of the Dungeon
  8109 | D:10     | Reached **** piety under Hepliaklqana
  8344 | D:10     | Reached skill level 8 in Fighting
  8344 | D:10     | Reached skill level 10 in Armour
  8850 | D:11     | Reached skill level 5 in Dodging
  9039 | D:10     | Reached XP level 11. HP: 79/84 MP: 10/10
  9080 | D:11     | Noticed a boulder beetle
  9167 | D:10     | Killed a boulder beetle
  9467 | D:11     | Noticed a two-headed ogre
  9474 | D:11     | Killed a two-headed ogre
  9510 | D:11     | Found a staircase to the Lair.
  9717 | D:11     | Found Tutuiss's Distillery.
 10094 | D:12     | Reached ***** piety under Hepliaklqana
 10280 | D:12     | Noticed Erolcha
 10291 | D:12     | Killed Erolcha
 10292 | D:12     | Reached skill level 9 in Fighting
 10516 | D:12     | Found Mosour Tegh's Assorted Antiques.
 10573 | D:12     | Found a frozen archway.
 10574 | D:12     | Noticed Josephine
 10591 | D:12     | Reached skill level 5 in Stealth
 10604 | D:12     | Killed Josephine
 10605 | D:12     | Reached XP level 12. HP: 41/94 MP: 11/11
 10955 | D:12     | Bought a warped war axe for 255 gold pieces
 10955 | D:12     | Identified the +2 war axe "Ynec" {freeze, rF++} (You bought
                  | it in a shop on level 12 of the Dungeon)
 11621 | D:13     | Noticed a centaur warrior
 11623 | D:13     | Noticed a catoblepas
 11875 | D:14     | Reached skill level 10 in Fighting
 11875 | D:14     | Reached skill level 1 in Evocations
 12104 | D:13     | Noticed a centaur warrior
 12113 | D:13     | Killed a centaur warrior
 12129 | D:13     | Noticed a catoblepas
 12148 | D:12     | Killed a catoblepas
 12149 | D:12     | Reached skill level 15 in Axes
 13283 | D:13     | Killed a catoblepas
 13299 | D:13     | Killed a centaur warrior
 14049 | D:14     | Found a gate to the Vaults.
 14049 | D:14     | Noticed a vampire knight
 14049 | D:14     | Paralysed by a vampire knight for 2 turns
 14204 | Lair:1   | Entered Level 1 of the Lair of Beasts
 14252 | Lair:1   | Reached XP level 13. HP: 96/103 MP: 12/12
 14260 | Lair:1   | Reached skill level 11 in Fighting
 14370 | Lair:1   | Noticed Fannar
 14389 | Lair:1   | Killed Fannar
 14754 | Lair:1   | Reached skill level 10 in Shields
 15784 | Lair:2   | Found a staircase to the Shoals.
 16546 | Lair:2   | Identified a scroll of acquirement
 16547 | Lair:2   | Acquired a manual of Fighting
 16598 | Lair:3   | Reached ****** piety under Hepliaklqana
 16616 | Lair:3   | Reached skill level 12 in Fighting
 17001 | Lair:3   | Reached skill level 13 in Fighting
 17091 | Lair:3   | Found a staircase to the Snake Pit.
 17404 | Lair:4   | Reached XP level 14. HP: 101/116 MP: 13/13
 17920 | Lair:4   | Acquired the ring of Peace {rPois rF+ rCorr Dex+3}
 18079 | Lair:4   | Reached skill level 14 in Fighting
 18473 | Lair:5   | Entered Level 5 of the Lair of Beasts
 18484 | Lair:5   | Found a staircase to the Slime Pits.
 18485 | Lair:5   | Found a viscous altar of Jiyva.
 18594 | Lair:5   | Identified the +6 flail of Immorality {heavy, rF+ rCorr
                  | Str-3 Int+7}
 18640 | Lair:5   | Identified the +6 quarterstaff of Ruihaed {heavy, rPois
                  | rCorr Str+3}
 19420 | Lair:5   | Reached skill level 15 in Fighting
 20148 | Lair:5   | Identified the ring "Pueprac" {Fire rPois Will+ Int+2}
 20359 | Orc:1    | Entered Level 1 of the Orcish Mines
 20540 | Orc:1    | Noticed Sonja
 20542 | Orc:1    | Sonja changed into Sonja the hog
 20542 | Orc:1    | Noticed Sonja
 20545 | Orc:1    | Killed Sonja the hog
 20567 | Orc:1    | Reached XP level 15. HP: 91/128 MP: 14/14
 20801 | Orc:2    | Entered Level 2 of the Orcish Mines
 20801 | Orc:2    | Noticed Rupert
 20811 | Orc:2    | Killed Rupert
 21162 | D:8      | Reached skill level 16 in Fighting
 21293 | D:14     | Noticed a tengu reaver
 21323 | D:14     | Noticed a tengu reaver
 21329 | D:15     | Entered Level 15 of the Dungeon
 21379 | D:15     | Killed a tengu reaver
 21947 | D:14     | Killed a tengu reaver
 22379 | D:14     | Paralysed by a vampire knight for 3 turns
 22808 | D:14     | Identified the +6 plate armour of Fyituc {Str+3}
 22902 | D:15     | Reached skill level 1 in Invocations
 23154 | D:15     | Reached skill level 10 in Stealth
 23510 | D:15     | Reached skill level 17 in Fighting
 23713 | D:15     | Found a staircase to the Depths.
 24220 | Orc:2    | Found a staircase to the Elven Halls.
 24311 | Orc:2    | Found Kosan's Book Shoppe.
 24372 | Orc:2    | Found an ancient bone altar of Kikubaaqudgha.
 24375 | Orc:2    | Noticed Nergalle
 24390 | Orc:2    | Killed Nergalle
 24398 | Orc:2    | Paralysed by an orc sorcerer for 5 turns
 24439 | Orc:2    | Found Ugimnig's Antique Weapon Shoppe.
 24544 | Orc:2    | Found Bockes's Book Emporium.
 24554 | Orc:2    | Found Leulul's Distillery.
 24583 | Orc:2    | Found a radiant altar of Vehumet.
 25159 | Snake:1  | Entered Level 1 of the Snake Pit
 25182 | Snake:1  | Identified the orb of Midnight {*Rage, rF+ MP+9}
 25697 | Snake:1  | Reached skill level 18 in Fighting
 25726 | Snake:1  | Identified the +2 dagger of the Dungeon {venom, *Rage rPois
                  | Dex+2}
 25807 | Snake:1  | Reached XP level 16. HP: 102/141 MP: 16/16
 27032 | Snake:2  | Found Ilum's Jewellery Emporium.
 27033 | Snake:2  | Found Ymigiant's Book Boutique.
 27034 | Snake:2  | Found Womaz's Jewellery Emporium.
 27044 | Snake:2  | Bought the amulet of Yheelun {rElec Regen+ Int+3 Dex-4} for
                  | 796 gold pieces
 27344 | Snake:3  | Reached skill level 19 in Fighting
 27417 | Snake:3  | Reached skill level 15 in Armour
 27788 | Snake:3  | Identified the +4 short sword of Diet Blood {flame, MP+9
                  | Dex+3}
 28259 | Snake:4  | Entered Level 4 of the Snake Pit
 28413 | Snake:4  | Noticed Ekep's ghost (adept GrEE)
 28488 | Snake:4  | Found a runed translucent gate.
 28488 | Snake:4  | Found a runed translucent gate.
 28488 | Snake:4  | Found a runed translucent gate.
 28969 | Snake:4  | Reached skill level 15 in Shields
 29107 | Snake:4  | Reached XP level 17. HP: 63/153 MP: 17/17
 29376 | Snake:4  | Reached skill level 20 in Fighting
 29504 | Snake:4  | Got a serpentine rune of Zot
 29849 | Vaults:5 | Identified the "Houst"
 29849 | Crypt:3  | Identified the "Cela"
 29849 | Depths:1 | Entered Level 1 of the Depths
 29849 | Depths:1 | Noticed a lich
 29856 | Depths:1 | Killed a lich
 29861 | Depths:1 | Noticed a walking frostbound tome
 29873 | Depths:1 | Killed a walking frostbound tome
 30729 | Depths:1 | Found a shimmering altar of Xom.
 30731 | Depths:1 | Found a shimmering altar of Xom.
 30731 | Depths:1 | Found a shimmering altar of Xom.
 30733 | Depths:1 | Found a shimmering altar of Xom.
 30733 | Depths:1 | Found a shimmering altar of Xom.
 30733 | Depths:1 | Found a shimmering altar of Xom.
 30733 | Depths:1 | Found a shimmering altar of Xom.
 30733 | Depths:1 | Found a shimmering altar of Xom.
 30757 | Depths:1 | Found a gateway to Hell.
 30761 | Depths:1 | Found a one-way gateway to a ziggurat.
 31540 | Depths:2 | Found a one-way gate to the infinite horrors of the Abyss.
 31669 | Depths:2 | Found a radiant altar of Vehumet.
 31710 | Depths:2 | HP: 3/154 [deep troll (27)]
 31713 | Depths:2 | HP: 1/154 [deep troll (15)]
 31722 | Depths:2 | HP: 4/154 [ettin/+0 dire flail (10)]
 31996 | Depths:2 | Reached XP level 18. HP: 129/162 MP: 18/18
 32021 | Depths:2 | Noticed Asterion
 32026 | Depths:2 | HP: 1/162 [spriggan defender/+3 flail of holy wrath (11)]
 32425 | Depths:2 | Killed Asterion
 32534 | Depths:2 | Reached skill level 21 in Fighting
 32583 | Depths:2 | Found a one-way gate leading to the halls of Pandemonium.
 32623 | Depths:2 | Found Lobrir's Weapon Shoppe.
 33168 | Depths:3 | Paralysed by a sphinx for 4 turns
 33963 | Depths:3 | Noticed a golden dragon
 33972 | Depths:3 | Killed a golden dragon
 34303 | Depths:4 | Entered Level 4 of the Depths
 34881 | Depths:3 | Identified the +4 quarterstaff of a Gauntlet {pain, rC+ rN+
                  | Dex+3 Stlth+}
 35256 | Depths:4 | Reached XP level 19. HP: 126/171 MP: 19/19
 35330 | Depths:4 | Found a gate to the Realm of Zot.
 35330 | Depths:4 | Noticed a bone dragon
 35369 | Depths:4 | Killed a bone dragon
 36228 | Shoals:1 | Entered Level 1 of the Shoals
 36696 | Snake:2  | Bought a ring of flight for 332 gold pieces
 36996 | Shoals:1 | Reached skill level 22 in Fighting
 38065 | Shoals:3 | Noticed Ilsuiw
 38112 | Shoals:3 | Killed from afar by Ilsuiw

Illustrated notes

Levels and vault maps discovered:
D:1:      kennysheep_arrival_forest, layout_loops_cross,
          hangedman_decor_opposing
D:2:      layout_loops_ring, basic_altar, minmay_misc_feat_nine_boxes
D:3:      layout_basic, st_stairs_3, goddamned_bats, uniq_natasha
D:4:      layout_basic, minmay_temple_entry_waves, serial_shops,
          nicolae_shop_real_fake_doors
D:5:      layout_cave_pools, lightli_ossuary_entry_decrepit_ruins,
          minmay_crystal_room, ebering_dispersal_statue_hall,
          minmay_fountain_box, roderic_serpentine_path
D:6:      layout_basic, lemuel_crystal_altar, minitemple,
          mainiacjoe_overflow_surrounded_room, serial_corexii_hall,
          chequers_hall_statues_corner_a, corexii_hall_statues_i,
          minmay_manual_mail
D:7:      layout_rooms
D:8:      cheibrodos_iron_armory, layout_cave_pods, gammafunk_ghost_hive
D:9:      layout_roguey, mainiacjoe_overflow_large_starburst, orc_0_dummy,
          uniq_grum
D:10:     layout_grid_maze, st_stairs_12, chequers_serial_rivers_small_a
D:11:     layout_rooms, david_lair_generic, serial_shops, shop
D:12:     layout_small_grid, serial_shops, shop,
          portal_ice_cave_entry_animals_and_master, uniq_erolcha, uniq_josephine
D:13:     layout_basic
D:14:     layout_irregular_city, hellmonk_vaults_attempted_burglary,
          abandoned_shop, minivault_24, minmay_diamond_spiral
D:15:     hellmonk_depths_entry_around_the_bend, layout_rooms,
          minmay_parallelograms
Lair:1:   layout_long_grid, uniq_fannar
Lair:2:   layout_hall_layers, minmay_shoals_entry_hut
Lair:3:   layout_cave_shapes, nicolae_snake_entry_squirm, nicolae_lair_lil_pond
Lair:4:   layout_cave_pods, serial_bayou_pond_d, minmay_holes,
          beast_lair_carwin_1, infiniplex_staircase_pool_2
Lair:5:   guppyfry_lair_end_dragon, layout_regular_city,
          hangedman_lair_in_review, slime_entry_1
Shoals:1: layout_shoals
Shoals:2: layout_shoals
Shoals:3: nicolae_shoals_mermall, layout_shoals, uniq_ilsuiw
Snake:1:  layout_concentric_octagons, lemuel_fruit_tree
Snake:2:  layout_onion, grunt_megastairs_1, minmay_shop_grove
Snake:3:  layout_honeycomb, nicolae_snake_salamander_fort, serial_bayou_shore_a
Snake:4:  grunt_snake_rune_pools, layout_misc_corridors, gammafunk_ghost_split,
          nicolae_snake_yet_another_twisty_hallway, grunt_megastairs_2
Orc:1:    layout_caves, uniq_sonja
Orc:2:    kennysheep_orc_mage_school, layout_caves, mines1_david, uniq_rupert
Depths:1: layout_twisted_cross, enter_ziggurat_c, hell_entry, xom_redecorated,
          corexii_leaking_fountain, nrook_mini_backslash,
          kennysheep_generic_room_10, serial_bayou_shore_b, grunt_megastairs_4
Depths:2: minmay_spriggan_fort, layout_cave_pools, nicolae_vehumet_radiance,
          minmay_room_of_horrors, rand_demon_pan_entry_8, hell_entry,
          nicolae_take_the_stairs, uniq_asterion
Depths:3: hourglass_vault, layout_basic, pf_hell_entry_tar_spiral,
          abyss_entry_small_statue_room, minmay_staircase_statues_hall_large,
          firewood_loft, uniq_grunn
Depths:4: grunt_zot_entry_tricorne, layout_cave_pools,
          serial_library_hellmonk_semicircle, grunt_hell_entry_dis_old

Skill      XL: |  1  2  3  4  5  6  7  8  9 10 11 12 13 14 15 16 17 18 19 |
---------------+----------------------------------------------------------+-----
Axes           | 3 4 5 6 8 9 11 12 14 15 16 17 18 19 20 21 | 21.6
Armour         | 4 5 7 9 10 11 12 13 14 15 16 17 | 17.5
Fighting       | 4 5 6 8 9 10 13 15 18 19 20 21 22 | 22.1
Dodging        | 1 2 3 4 5 6 7 8 |  8.9
Shields        | 4 5 6 7 9 11 12 13 15 17 18 | 18.7
Stealth        | 1 2 3 5 6 7 9 10 11 12 13 14 | 14.0
Evocations     | 1 2 |  2.4
Invocations    | 1 2 |  2.8

Action                     |  1- 3 |  4- 6 |  7- 9 | 10-12 | 13-15 | 16-18 | 19-21 || total
---------------------------+-------+-------+-------+-------+-------+-------+-------++-------
  Melee: War axe           |    89 |    98 |   293 |   196 |   735 |       |   188 ||  1599
         Headbutt          |    12 |    13 |    62 |   161 |   267 |   379 |    89 ||   983
         Hand axe          |       |       |       |   357 |       |       |       ||   357
         Broad axe         |       |       |       |       |   291 |  1313 |    83 ||  1687
 Invoke: Recall Ancestor   |       |       |     1 |     2 |     5 |    11 |     1 ||    20
         Ancestor Life: He |       |       |     1 |       |       |       |       ||     1
         Idealise          |       |       |       |       |     2 |       |     3 ||     5
         Transference      |       |       |       |       |       |     1 |       ||     1
  Evoke: Wand              |       |       |       |     7 |    22 |     2 |       ||    31
    Use: Potion            |       |       |     2 |     1 |     1 |     4 |     1 ||     9
         Scroll            |       |       |       |    12 |    11 |     6 |       ||    29
   Stab: Distracted        |       |       |     3 |     9 |    32 |    34 |     6 ||    84
         Confused          |       |       |       |    15 |    26 |    19 |    19 ||    79
         Petrified         |       |       |       |     7 |       |       |       ||     7
         Petrifying        |       |       |       |     1 |     1 |       |       ||     2
         Sleeping          |       |       |       |       |     3 |       |       ||     3
         Paralysed         |       |       |       |       |    40 |    51 |    23 ||   114
 Armour: Scale mail        |    61 |    96 |   134 |       |       |       |       ||   291
         Chain mail        |       |       |    49 |   447 |   261 |       |       ||   757
         Ring mail         |       |       |       |     1 |   151 |       |       ||   152
         Plate armour      |       |       |       |       |   113 |   873 |       ||   986
         Gold dragon scale |       |       |       |       |       |    81 |   189 ||   270
  Dodge: Dodged            |    49 |    71 |   119 |   222 |   397 |   407 |    56 ||  1321
  Block: Buckler           |    22 |    37 |    79 |   148 |   223 |       |       ||   509
         Kite shield       |       |       |       |       |   116 |   950 |   150 ||  1216
         Reflection        |       |       |       |       |     3 |    36 |    15 ||    54

Table legend: (Time is in decaauts)
 A = Elapsed time spent in this place.
 B = Non-inter-level travel time spent in this place.
 C = Inter-level travel time spent in this place.
 D = Time resting spent in this place.
 E = Time spent auto-exploring this place.
 F = Levels seen in this place.
 G = Mean time per level.
                   A        B        C        D        E       F      G
               +--------+--------+--------+--------+--------+-----+--------+
         Total |  37597 |  34961 |   2636 |   3901 |  24184 |  34 | 1105.8 |
       Dungeon |  17812 |  16442 |   1370 |   2415 |  11367 |  15 | 1187.5 |
          Lair |   6298 |   5711 |    587 |      4 |   4716 |   5 | 1259.6 |
        Shoals |   1636 |   1581 |     55 |      2 |   1221 |   3 |  545.3 |
     Snake Pit |   4507 |   4307 |    200 |     52 |   3313 |   4 | 1126.8 |
  Orcish Mines |   1571 |   1439 |    132 |     47 |   1163 |   2 |  785.5 |
        Depths |   5483 |   5193 |    290 |   1381 |   2230 |   4 | 1370.8 |
       Ossuary |    286 |    286 |      0 |      0 |    173 |   1 |  286.0 |
               +--------+--------+--------+--------+--------+-----+--------+

Top non-repeatable levels by time:
    D:15: 2183 daAuts
    D:14: 2014 daAuts
Depths:2: 1774 daAuts
  Lair:5: 1713 daAuts
    D:12: 1664 daAuts
    D:13: 1660 daAuts
Depths:3: 1504 daAuts
    D:10: 1361 daAuts
  Lair:2: 1280 daAuts
  Lair:1: 1263 daAuts
 Snake:3: 1188 daAuts
     D:6: 1179 daAuts
 Snake:1: 1173 daAuts
Depths:4: 1152 daAuts
 Snake:4: 1144 daAuts
